 Dungeon Crawl Stone Soup version 0.31-a0-216-g22e908daa7 (webtiles) character file.

Game seed: 17893541248717295912

168 qw the Shooter (level 5, -1/31 HPs)
             Began as a Gargoyle Hexslinger on July 2, 2023.
             Slain by an orc
             ... wielding a +0 hand axe
              (4 damage)
             ... on level 3 of the Dungeon.
             The game lasted 00:00:57 (1882 turns).

qw the Shooter (Gargoyle Hexslinger)                Turns: 1882, Time: 00:00:58

Health: -1/31      AC:  9    Str: 11    XL:     5   Next: 49%
Magic:  6/6        EV: 15    Int: 14    God:
Gold:   80         SH:  0    Dex: 14    Spells: 5/6 levels left

rFire   . . .        Y - +1 sling
rCold   . . .        (no shield)
rNeg    + . .        b - +0 ring mail
rPois   inf          (no helmet)
rElec   +            (no cloak)
rCorr   .            (no gloves)
SInv    .            (no boots)
Will    .....        (no amulet)
Stlth   +            g - +5 ring of evasion
HPRegen 0.25/turn    (no ring)
MPRegen 0.10/turn

%: no passive effects
@: no status effects
A: sickness immunity, AC +4, negative energy resistance 1, electricity
resistance, torment resistance 1, petrification resistance
a: no special abilities


You were on level 3 of the Dungeon.
You visited 1 branch of the dungeon, and saw 3 of its levels.

You collected 80 gold pieces.


Innate Abilities, Weirdness & Mutations

You are immune to sickness and miasma.
Your stone body is resilient. (AC +4)
You are immune to poison.
You resist negative energy. (rN+)
You are resistant to electric shocks. (rElec)
You are resistant to unholy torment.
You are immune to petrification.


   Skills:
 - Level 2.5 Fighting
 - Level 5.0 Ranged Weapons
 + Level 0.5 Armour
 - Level 1.5 Dodging
 - Level 1.0 Spellcasting
 - Level 2.6 Hexes


You had 5 spell levels left.
You knew the following spells:

 Your Spells              Type           Power      Damage    Failure   Level
a - Slow                  Hex            32%        N/A       22%         1

Your spell library contained the following spells:

 Spells                   Type           Power      Damage    Failure   Level
 Inner Flame              Hex/Fire       4%         N/A       73%         3
 Portal Projectile        Hex/Tloc       8%         N/A       73%         3
 Cause Fear               Hex            4%         N/A       91%         4

Inventory:

Hand Weapons
 Y - a +1 sling (weapon)
Armour
 a - a +0 robe of willpower
 b - a +0 ring mail (worn)
Jewellery
 g - a +5 ring of evasion (left hand)
Scrolls
 e - a scroll of teleportation
 f - a scroll of enchant armour
Potions
 d - a potion of might
 i - a potion of berserk rage {unknown}
 j - a potion of brilliance {unknown}
 l - a potion of cancellation {unknown}

Dungeon Overview and Level Annotations

Branches:
Dungeon (3/15)

Altars:


Message History

You shoot a sling bullet.
The sling bullet closely misses the orc.
The orc barely misses you. x2
You shoot a sling bullet. The sling bullet hits the orc.
You kill the orc!
You see here a +0 flail.
Found a stone staircase leading down.
An orc priest comes into view. It is wielding a +0 mace.
You shoot a sling bullet. The orc priest shouts!
The sling bullet hits the orc priest but does no damage.
The orc priest invokes the aid of Beogh against you.
Beogh smites you!
An orc comes into view. It is wielding a +0 hand axe.
You shoot a sling bullet.
The sling bullet closely misses the orc priest.
An orc priest comes into view. It is wielding a +0 hand axe.
You shoot a sling bullet.
The sling bullet closely misses the orc priest.
The orc priest shouts!
The orc priest miscasts a cantrip.
You shoot a sling bullet.
The sling bullet hits the orc priest but does no damage.
The orc priest mumbles some strange prayers to Beogh against you.
Pain shoots through your body!
You shoot a sling bullet.
The sling bullet barely misses the orc priest.
The sling bullet closely misses the orc priest.
The orc priest looks encouraged for a moment.
You shoot a sling bullet. The sling bullet hits the orc priest.
The orc priest is moderately wounded.
An orc priest comes into view. It is wielding a +0 flail.
The orc priest calls upon Beogh to heal something.
You shoot a sling bullet. The sling bullet hits the orc.
The orc is moderately wounded.
You shoot a sling bullet.
The sling bullet closely misses the orc.
The orc priest mumbles some strange prayers to Beogh against you.
Beogh smites you! The orc hits you with a +0 hand axe.
You die...

#......#
#.#.##.#......#
#.#.##.# .....#
#.#%##.# .....#
#.#.##.# ....
#.#.##.# ...
#......# #.#
###.#######.######.
#.##.....@o......
#.##.#####o#####.
#.##.........
#..)......o.o#
####.........>.
#.......#.###
#.......#.#
#.......#.#
#........


You could see 3 orc priests and an orc.

Vanquished Creatures
  Natasha (twice) (D:2)
  3 adders (D:2)
  3 worms (D:2)
  2 dart slugs (D:2)
  An orc (D:3)
  8 ball pythons
  4 endoplasms
  3 giant cockroaches
  11 goblins
  6 hobgoblins
  14 jackals
  3 kobolds
  2 quokkas
  2 bats (D:2)
  6 rats
70 creatures vanquished.

Notes
Turn   | Place    | Note
-------+----------+-------------------------------------------
     0 | D:1      | qw the Gargoyle Hexslinger began the quest for the Orb.
     0 | D:1      | Reached XP level 1. HP: 12/12 MP: 2/2
     0 | D:1      | 0 ||| qw: Version: 0.3-a-40-ge99b1a8
     0 | D:1      | 0 ||| qw: Game counter: 7944
     0 | D:1      | 0 ||| qw: Melee chars always use a shield: true
     0 | D:1      | 0 ||| qw: God list: Okawaru
     0 | D:1      | 0 ||| qw: Allow faded altars: false
     0 | D:1      | 0 ||| qw: Do Orc after clearing Dungeon:15 true
     0 | D:1      | 0 ||| qw: Do second Lair branch before Depths: true
     0 | D:1      | 0 ||| qw: Lair rune preference: random
     0 | D:1      | 0 ||| qw: Goals: Normal
     0 | D:1      | 0 ||| PLANNING D:1-11
    34 | D:1      | HP: 3/12 [ball python (3)]
   223 | D:1      | Reached XP level 2. HP: 16/16 MP: 3/3
   297 | D:1      | Reached skill level 3 in Ranged Weapons
   549 | D:1      | Reached XP level 3. HP: 21/21 MP: 4/4
   975 | D:1      | 975 ||| UPGRADING to +5 ring of evasion.
   976 | D:1      | 976 ||| DROPPING +6 ring of intelligence.
   977 | D:1      | 977 ||| READING scroll labelled EFUCHO VUDUTIU.
   978 | D:1      | 978 ||| READING 2 scrolls labelled POZIPN KEDYNUM.
   979 | D:1      | 979 ||| READING scroll labelled VOUBUM SETSAICY.
   984 | D:1      | 984 ||| DROPPING scroll of poison.
  1090 | D:2      | Reached skill level 4 in Ranged Weapons
  1090 | D:2      | Reached XP level 4. HP: 25/26 MP: 5/5
  1349 | D:2      | Noticed Natasha
  1358 | D:2      | Killed Natasha
  1359 | D:2      | Reached XP level 5. HP: 23/30 MP: 6/6
  1359 | D:2      | 1359 ||| FLEEEEING.
  1360 | D:2      | 1360 ||| FLEEEEING.
  1361 | D:2      | 1361 ||| FLEEEEING.
  1362 | D:2      | 1362 ||| FLEEEEING.
  1363 | D:2      | 1363 ||| FLEEEEING.
  1364 | D:2      | 1364 ||| FLEEEEING.
  1365 | D:2      | 1365 ||| FLEEEEING.
  1366 | D:2      | 1366 ||| FLEEEEING.
  1367 | D:2      | 1367 ||| FLEEEEING.
  1368 | D:2      | 1368 ||| FLEEEEING.
  1369 | D:2      | 1369 ||| FLEEEEING.
  1370 | D:2      | 1370 ||| FLEEEEING.
  1371 | D:2      | 1371 ||| FLEEEEING.
  1372 | D:2      | 1372 ||| FLEEEEING.
  1433 | D:2      | 1433 ||| FLEEEEING.
  1467 | D:2      | Found a faded altar of an unknown god.
  1498 | D:2      | Reached skill level 5 in Ranged Weapons
  1614 | D:2      | Noticed Natasha
  1625 | D:2      | Killed Natasha
  1787 | D:2      | 1787 ||| UPGRADING to +0 ring mail.
  1797 | D:2      | 1797 ||| DROPPING +0 robe.
  1798 | D:2      | 1798 ||| READING scroll labelled ZORHASI ZEEVIGEHEH.
  1799 | D:2      | 1799 ||| DRINKING 2 brown potions.
  1882 | D:3      | HP: 3/31 [orc priest/divine providence (15)]
  1882 | D:3      | Slain by an orc

Levels and vault maps discovered:
D:1:      saegor_arrival_simple_e, layout_loops_corners, nrook_campfire
D:2:      layout_basic, shapermc_ecumenical_altar_gd, minmay_misc_feat_cross,
          minmay_between, uniq_natasha
D:3:      layout_loops_cross, general_overflow_altar, uniq_crazy_yiuf_cottage

Skill      XL: |  1  2  3  4  5 |
---------------+----------------+-----
Ranged Weapons | 3 4 5 |  5.0
Fighting       | 2 |  2.5
Armour         | |  0.5
Dodging        | |  1.5
Spellcasting   | |  1.0
Hexes          | |  2.6

Action                     |  1- 3 |  4- 6 || total
---------------------------+-------+-------++-------
   Fire: Sling             |   129 |   113 ||   242
    Use: Scroll            |     3 |     1 ||     4
         Potion            |       |     1 ||     1
 Armour: Robe              |    23 |     6 ||    29
         Ring mail         |       |     1 ||     1
  Dodge: Dodged            |    51 |    50 ||   101

Table legend:
 A = Non-vault XP
 B = Vault XP
 C = Vault XP percentage of total XP
 D = Non-vault monster count
 E = Vault monster count
 F = Vault count percentage of total count
                 A         B        C        D         E       F
            +---------+---------+-------+---------+---------+-------
      Total |     192 |      49 |  20.3 |      63 |       7 |  10.0
            +---------+---------+-------+---------+---------+-------
        D:1 |      67 |       0 |   0.0 |      37 |       0 |   0.0
        D:2 |     114 |      49 |  30.1 |      21 |       7 |  25.0
        D:3 |      11 |       0 |   0.0 |       5 |       0 |   0.0
            +---------+---------+-------+---------+---------+-------
